 Dungeon Crawl Stone Soup version 0.29-a0-384-g6960b1960d (webtiles) character file.

Game seed: 11422731826239921438

60 ytrimaz the Ducker (level 3, -7/28 HPs)
             Began as a Demonspawn Gladiator on May 6, 2022.
             Mangled by an orc priest
             ... wielding a +0 war axe
              (8 damage)
             ... on level 2 of the Dungeon.
             The game lasted 00:01:25 (2205 turns).

ytrimaz the Ducker (Demonspawn Gladiator)           Turns: 2205, Time: 00:01:26

Health: -7/28      AC:  4    Str: 16    XL:     3   Next: 82%
Magic:  3/3        EV: 13    Int:  9    God:
Gold:   100        SH:  0    Dex: 14    Spells: 2/2 levels left

rFire   . . .      SeeInvis .   p - +1 hand axe (venom)
rCold   . . .      Faith    .   (no shield)
rNeg    . . .      Spirit   .   b - +0 leather armour
rPois   .          Reflect  .   c - +0 helmet
rElec   .          Harm     .   (no cloak)
rCorr   +          Rampage  .   (no gloves)
Will    .....                   (no boots)
Stlth   +.........              (no amulet)
HPRegen 0.09/turn               k - ring of resist corrosion
MPRegen 0.08/turn               (no ring)

@: no status effects
A: demonic guardian 1, weakness stinger 1
a: no special abilities


You were on level 2 of the Dungeon.
You visited 1 branch of the dungeon, and saw 2 of its levels.

You collected 100 gold pieces.

Inventory:

Hand Weapons
 a - a +0 rapier
 p - a +1 hand axe of venom (weapon)
Missiles
 d - 3 throwing nets (quivered)
 e - a javelin
Armour
 b - a +0 leather armour (worn)
 c - a +0 helmet (worn)
 j - a +0 plate armour
Jewellery
 k - a ring of resist corrosion (left hand)
Scrolls
 i - a scroll of vulnerability
 l - a scroll of enchant weapon {unknown}
 m - a scroll of brand weapon {unknown}
 n - a scroll of summoning {unknown}
 o - a scroll of immolation {unknown}
 q - a scroll of identify
 s - a scroll of magic mapping {unknown}
 u - a scroll of enchant armour {unknown}
Potions
 f - a potion of attraction {unknown}
 g - a potion of heal wounds
 h - a potion of might {unknown}
 r - a potion of haste {unknown}
 t - a potion of flight {unknown}


   Skills:
 + Level 2.6 Fighting
 - Level 2.9 Short Blades
 * Level 1.0 Axes
 - Level 1.7 Throwing
 + Level 3.6 Dodging


You had 2 spell levels left.
You didn't know any spells.
Your spell library was empty.

Dungeon Overview and Level Annotations

Branches:
Dungeon (2/15)

Altars:

Shops:
D:2 ?


Innate Abilities, Weirdness & Mutations

A weak demonic guardian rushes to your aid.
You have a small tail.


Message History

You see here a frilled lizard corpse.
The orc barely misses you.
You barely miss the orc.
Your tail-slap misses the orc.
The orc hits you with a +1 trident of venom.
A demonic guardian appears!
The orc hits you but does no damage.
You are poisoned.
You slash the orc!
You kill the orc!
You feel sick.
You swap places.
Found 9 gold pieces.
You feel sick.
Things that are here:
a +1 trident of venom; an orc corpse No target in view!
You feel sick.
You feel sick.
No target in view!
You feel sick.
You feel sick.
You are no longer poisoned.
Found a mace.
You hit the orc but do no damage. The orc closely misses you.
The orc priest looks satisfied for a moment.
You hit the orc.
The orc is poisoned.
The orc is severely wounded.
The orc misses you.
You hit the orc.
The orc looks as sick as possible!
The orc is almost dead.
You kill the orc!
You hear a splash. x2
You closely miss the orc priest.
The orc priest hits you with a +0 war axe!
You barely miss the orc priest.
The orc priest hits you with a +0 war axe!
* * * LOW HITPOINT WARNING * * *
A demonic guardian appears!
You hit the orc priest.
The orc priest is poisoned.
You tail-slap the orc priest.
The orc priest is moderately wounded.
The orc priest hits you with a +0 war axe!
You die...

#############
..........≈≈≈##
.........≈≈≈≈≈##
..=.....≈≈∩...#
........≈≈≈≈)o# +#
#......≈≈≈#@# .#
#.......# #5# .#
#.......#
#5#####.### .#
#.......#
#.....).... .#
#......†#
###.###.### .#
###.......#####.#
.###...............#
.)........>.....)..#
##.#.####.########.#


You could see an orc priest (very poisoned, ally target), a friendly quasit
(summoned) and a friendly white imp (summoned).

Vanquished Creatures
  An iguana (D:2)
  A dart slug (D:1)
  2 orcs (D:2)
  3 endoplasms (D:1)
  3 goblins
  3 hobgoblins (D:1)
  A quokka (D:1)
  5 ball pythons
  2 frilled lizards
  4 kobolds
  A rat (D:1)
26 creatures vanquished.

Vanquished Creatures (collateral kills)
  An orc (D:2)
  A quokka (D:2)
2 creatures vanquished.

Grand Total: 28 creatures vanquished

Notes
Turn   | Place    | Note
-------+----------+-------------------------------------------
     0 | D:1      | ytrimaz the Demonspawn Gladiator began the quest for the
                  | Orb.
     0 | D:1      | Reached XP level 1. HP: 16/16 MP: 1/1
   758 | D:1      | Reached skill level 3 in Dodging
   758 | D:1      | Gained mutation: You have a small tail. [demonic ancestry]
   758 | D:1      | Reached XP level 2. HP: 9/22 MP: 2/2
  1747 | D:2      | Gained mutation: A weak demonic guardian rushes to your
                  | aid. [demonic ancestry]
  1747 | D:2      | Reached XP level 3. HP: 11/28 MP: 3/3
  2088 | D:2      | Reached skill level 1 in Axes
  2170 | D:2      | Found Cucoiwn's Magic Scroll Shop.
  2204 | D:2      | HP: 1/28 [orc priest/+0 war axe (10)]
  2205 | D:2      | Mangled by an orc priest

Illustrated notes

Levels and vault maps discovered:
D:1:      sevenhm_arrival_forest_fort_small_4, layout_basic
D:2:      layout_basic, serial_shops, nicolae_shop_waterfront, basic_altar

Skill      XL: |  1  2  3 |
---------------+----------+-----
Dodging        | 3 |  3.6
Axes           | 1 |  1.0
Fighting       | |  2.6
Short Blades   | |  2.9
Throwing       | |  1.7

Action                   || total
-------------------------++-------
Melee: Rapier            ||    54
       Hand axe          ||    39
       Tailslap          ||     4
  Use: Scroll            ||     2
 Stab: Sleeping          ||     1
Armor: Leather armour    ||    18
Dodge: Dodged            ||    65

Table legend: (Time is in decaauts)
 A = Elapsed time spent in this place.
 B = Non-inter-level travel time spent in this place.
 C = Inter-level travel time spent in this place.
 D = Time resting spent in this place.
 E = Time spent auto-exploring this place.
 F = Levels seen in this place.
 G = Mean time per level.
                   A        B        C        D        E       F      G
               +--------+--------+--------+--------+--------+-----+--------+
         Total |   2222 |   2105 |    117 |      0 |   1825 |   2 | 1111.0 |
       Dungeon |   2222 |   2105 |    117 |      0 |   1825 |   2 | 1111.0 |
               +--------+--------+--------+--------+--------+-----+--------+

Top non-repeatable levels by time:
     D:1: 1703 daAuts
     D:2: 518 daAuts
